 Dungeon Crawl Stone Soup version 0.31-a0-986-g5e6e4ef867 (webtiles) character file.

Game seed: 3455160790265509538

539 croobank the Trooper (level 7, -3/73 HPs)
             Began as an Octopode Monk on Nov 4, 2023.
             Slain by a black bear (8 damage)
             ... on level 5 of the Dungeon.
             The game lasted 00:22:32 (3952 turns).

croobank the Trooper (Octopode Monk)                Turns: 3952, Time: 00:22:33

Health: -3/73      AC:  1    Str: 10    XL:     7   Next: 26%
Magic:  8/8        EV: 15    Int: 14    God:
Gold:   255        SH:  0    Dex: 15    Spells: 4/8 levels left

rFire   . . .        q - +2 dagger (venom)
rCold   . . .        c - orb {light}
rNeg    . . .        (helmet restricted)
rPois   .            w - amulet of magic regeneration
rElec   .            p - ring of see invisible
rCorr   .            r - ring of wizardry
SInv    +            (no ring)
Will    .....        (no ring) Stlth
                     (no ring)
HPRegen 0.32/turn    (no ring)
MPRegen 0.51/turn    (no ring)
                     (no ring)

%: wizardry (x1)
@: berserking, glowing, very quick
A: almost no armour, amphibious, 8 rings, camouflage 1, gelatinous body 1,
(nimble swimmer 1), tentacles
a: no special abilities


You were on level 5 of the Dungeon.
You visited 1 branch of the dungeon, and saw 5 of its levels.

You collected 255 gold pieces.

Inventory:

Hand Weapons
 a - a +1 short sword
 i - a +0 scimitar
 m - a +0 dagger of venom
 q - a +2 dagger of venom (weapon)
Missiles
 h - 10 poisoned darts
 j - 3 javelins
 y - 2 throwing nets (quivered)
Armour
 c - an orb of light (worn)
Jewellery
 p - a ring of see invisible (left tentacle)
 r - a ring of wizardry (right tentacle)
 w - an amulet of magic regeneration (around mantle)
Wands
 u - a wand of polymorph (7)
Scrolls
 d - 2 scrolls of teleportation
 f - a scroll of poison
Potions
 b - a potion of ambrosia
 e - a potion of might
 g - a potion of brilliance {unknown}
 k - a potion of cancellation
 l - 2 potions of curing {unknown}
 n - a potion of invisibility {unknown}
 o - a potion of attraction {unknown}
 t - 2 potions of heal wounds {unknown}
 x - a potion of haste {unknown}


   Skills:
 + Level 4.9 Fighting
 + Level 4.9 Short Blades
 + Level 4.9 Dodging
 + Level 1.2 Spellcasting
 + Level 1.3 Translocations
 + Level 1.4 Transmutations


You had 4 spell levels left.
You knew the following spells:

 Your Spells              Type           Power      Damage    Failure   Level
a - Blink                 Tloc           8%         N/A       9%          2
b - Wereblood             Tmut           4%         N/A       9%          2

Your spell library contained the following spells:

 Spells                   Type           Power      Damage    Failure   Level
 Lesser Beckoning         Tloc           8%         N/A       9%          2
 Momentum Strike          Conj/Tloc      4%         3d8       12%         2
 Irradiate                Conj/Tmut      1%         3d12      88%         5


Dungeon Overview and Level Annotations

Branches:
Dungeon (5/15)
 Temple: D:4-7

Altars:

Shops:
D:2 (


Innate Abilities, Weirdness & Mutations

You cannot wear most types of armour.
You are amphibious.
You can wear up to eight rings at the same time.
Your skin changes colour to match your surroundings (Stealth+).
Your rubbery body absorbs attacks. (AC +1, EV +1)
((You are camouflaged when in or above water. (Stealth+)))
You have tentacles for arms and can constrict up to eight enemies at once.


Message History

The black bear closely misses you.
You hit the black bear.
The black bear looks as sick as possible!
You squeeze the black bear, but do no damage.
The black bear is heavily wounded.
You constrict the black bear.
Your butterfly disappears in a burst of colours! x3
The black bear bites you! The black bear closely misses you.
The black bear misses you.
You hit the orc wizard but do no damage.
The orc wizard is poisoned.
Your grab misses the orc wizard. You constrict the black bear.
Your butterfly disappears in a burst of colours!
You hit the orc wizard. You grab the orc wizard.
The orc wizard is moderately wounded.
You constrict the black bear. You constrict the orc wizard.
Your butterfly disappears in a burst of colours! x2
An orc comes into view. It is wielding a +0 club.
The black bear goes berserk!
The orc wizard hits you with a +0 dagger of venom.
You hit the orc wizard.
The orc wizard looks as sick as possible!
You squeeze the orc wizard.
You kill the orc wizard!
You constrict the black bear. The black bear completely misses you.
The black bear claws you.
* * * LOW HITPOINT WARNING * * *
The black bear claws you.
* * * LOW HITPOINT WARNING * * *
An orc priest comes into view. It is wielding a +0 club.
A red film seems to cover your vision as you go berserk!
You feel yourself moving faster!
You feel mighty!
You constrict the black bear.
Your butterfly disappears in a burst of colours!
The black bear bites you but does no damage.
The black bear misses you. The black bear claws you.
* * * LOW HITPOINT WARNING * * *
The orc hits you with a +0 hand axe.
* * * LOW HITPOINT WARNING * * *
The black bear bites you!
You die...

##### #### ##...##...#
... ....#. .......... ...
#...##.. #o........ ...
#...##...##.).......
...##....#....oo@h...b..
.........#.......b##...#
.........'.....b..##+####
>.......##...##......b..#
....<...##... #.........#
.........#.. #.........#
.........#. #...b.....#
...##....#. ##+###....#
...##..>.# #...##....#


You could see a black bear (berserk, very poisoned), an orc priest and 2 orcs.

Vanquished Creatures
  Menkaure (D:4)
  An ice beast (D:5)
  A kobold brigand (D:4)
  A scorpion (D:5)
  A hound (D:4)
  An iguana (D:4)
  An orc wizard (D:5)
  3 adders
  A worm (D:2)
  5 orcs
  6 endoplasms
  6 giant cockroaches
  3 goblins
  6 hobgoblins
  8 jackals
  4 quokkas
  6 ball pythons
  4 bats
  3 frilled lizards
  10 kobolds
  12 rats
84 creatures vanquished.

Notes
Turn   | Place    | Note
-------+----------+-------------------------------------------
     0 | D:1      | croobank the Octopode Monk began the quest for the Orb.
     0 | D:1      | Reached XP level 1. HP: 16/16 MP: 1/1
   305 | D:1      | Reached XP level 2. HP: 21/21 MP: 2/2
   655 | D:1      | Reached XP level 3. HP: 26/26 MP: 3/3
  1473 | D:2      | Reached XP level 4. HP: 33/33 MP: 4/4
  1896 | D:2      | Found Pouj's Weapon Shop.
  2907 | D:4      | Noticed Menkaure
  2914 | D:4      | Killed Menkaure
  2915 | D:4      | Reached XP level 5. HP: 38/38 MP: 5/5
  3041 | D:4      | Reached XP level 6. HP: 44/44 MP: 6/6
  3069 | D:4      | Learned a level 2 spell: Blink
  3400 | D:4      | Learned a level 2 spell: Wereblood
  3688 | D:5      | Entered Level 5 of the Dungeon
  3696 | D:5      | Noticed an ice beast
  3702 | D:5      | Killed an ice beast
  3703 | D:5      | Reached skill level 1 in Spellcasting
  3703 | D:5      | Reached skill level 1 in Translocations
  3703 | D:5      | Reached skill level 1 in Transmutations
  3703 | D:5      | Reached XP level 7. HP: 28/49 MP: 6/8
  3952 | D:5      | Slain by a black bear

Illustrated notes

Levels and vault maps discovered:
D:1:      roadster_arrival_rocket_small, layout_basic, nicolae_hexahallways
D:2:      layout_basic, serial_shops, nicolae_shop_bloodbath_and_beyond
D:3:      layout_basic, dreamdust_wishing_well
D:4:      layout_loops_ring, lexackson_kobold_supper, uniq_menkaure
D:5:      layout_gridville, nzn_wu_jian_contemplation,
          nicolae_overflow_two_pavilions, minmay_temple_entry_trees

Skill      XL: |  1  2  3  4  5  6 |
---------------+-------------------+-----
Fighting       | 4 |  4.9
Short Blades   | 4 |  4.9
Dodging        | 4 |  4.9
Spellcasting   | 1 |  1.2
Translocations | 1 |  1.3
Transmutations | 1 |  1.4

Action                     |  1- 3 |  4- 6 |  7- 9 || total
---------------------------+-------+-------+-------++-------
  Melee: Short sword       |    85 |    84 |    10 ||   179
         Tentacles         |    22 |    24 |     8 ||    54
         Constrict         |    30 |    22 |     4 ||    56
         Punch             |     1 |     3 |     1 ||     5
         Dagger            |       |       |     7 ||     7
  Throw: Javelin           |       |     4 |       ||     4
   Cast: Wereblood         |       |     4 |       ||     4
    Use: Scroll            |     1 |    10 |     1 ||    12
         Potion            |       |       |     1 ||     1
   Stab: Sleeping          |     1 |     1 |       ||     2
 Armour: Skin              |    25 |    24 |    17 ||    66
  Dodge: Dodged            |    41 |    41 |    13 ||    95

Table legend: (Time is in decaauts)
 A = Elapsed time spent in this place.
 B = Non-inter-level travel time spent in this place.
 C = Inter-level travel time spent in this place.
 D = Time resting spent in this place.
 E = Time spent auto-exploring this place.
 F = Levels seen in this place.
 G = Mean time per level.
                   A        B        C        D        E       F      G
               +--------+--------+--------+--------+--------+-----+--------+
         Total |   3916 |   3804 |    112 |    211 |   3006 |   5 |  783.2 |
       Dungeon |   3916 |   3804 |    112 |    211 |   3006 |   5 |  783.2 |
               +--------+--------+--------+--------+--------+-----+--------+

Top non-repeatable levels by time:
     D:1: 1092 daAuts
     D:2: 1065 daAuts
     D:4: 793 daAuts
     D:3: 704 daAuts
     D:5: 259 daAuts
